 Dungeon Crawl Stone Soup version 0.21-a0-630-g344d351 (webtiles) character file.

179 Megalobster the Ruffian (level 5, -1/53 HPs)
             Began as a Troll Monk on Dec 25, 2017.
             Slain by an orc
             ... wielding a +0 club
              (2 damage)
             ... on level 3 of the Dungeon.
             The game lasted 00:04:36 (1871 turns).

Megalobster the Ruffian (Troll Monk)                Turns: 1871, Time: 00:04:38

Health: -1/53      AC:  5    Str: 20    XL:     5   Next: 32%
Magic:  4/4        EV: 16    Int: 11    God:
Gold:   208        SH:  0    Dex: 17    Spells: 4/4 levels left

rFire    . . .     SeeInvis .     - Unarmed
rCold    . . .     Gourm    +   (no shield)
rNeg     . . .     Faith    .   a - +0 robe
rPois    .         Spirit   .   (helmet restricted)
rElec    .         Reflect  .   (no cloak)
rCorr    .         Harm     .   (gloves unavailable)
MR       .....                  (boots unavailable)
Stlth    +++.......             (no amulet)
HPRegen  0.57/turn              (no ring)
MPRegen  0.09/turn              (no ring)

@: brilliant, agile
A: large, unfitting armour, claws 3, fast metabolism 3, gourmand, regeneration
1, shaggy fur 1, tough skin 2
a: no special abilities


You were on level 3 of the Dungeon.
You were completely stuffed.

You visited 1 branch of the dungeon, and saw 3 of its levels.

You collected 208 gold pieces.

Inventory:

Missiles
 f - 84 stones (quivered)
 q - 3 large rocks
Armour
 a - a +0 robe (worn)
Jewellery
 t - a +3 ring of protection {unknown}
Wands
 u - a wand of random effects (20)
Scrolls
 e - a scroll of fog {unknown}
 i - 5 scrolls of identify {unknown}
 k - a scroll of enchant weapon {unknown}
 l - a scroll of blinking {unknown}
 m - a scroll of teleportation {unknown}
 r - a scroll of enchant armour {unknown}
 v - a scroll of noise {unknown}
Potions
 c - a potion of curing
 j - a potion of flight {unknown}
 n - 2 potions of haste {unknown}
 o - a potion of degeneration {unknown}
 p - a potion of ambrosia {unknown}
 s - 2 potions of heal wounds {unknown}
Comestibles
 b - 5 rations
 d - 2 chunks of flesh


   Skills:
 + Level 3.1 Fighting
 + Level 3.1 Dodging
 + Level 1.6 Stealth
 * Level 4.4 Unarmed Combat


You had 4 spell levels left.
You didn't know any spells.

Dungeon Overview and Level Annotations

Branches:
Dungeon (3/15)

Altars:
Dithmenos
Nemelex Xobeh
Uskayaw
Wu Jian


Innate Abilities, Weirdness & Mutations

You are too large for most types of armour.
You have claws for hands.
Your metabolism is lightning-fast.
You like to eat raw meat.
Your natural rate of healing is unusually fast.
You are covered in fur. (AC +1)
You have very tough skin. (AC +2)


Message History

The orc wizard is moderately wounded.
The orc wizard hits you with a dagger.
* * * LOW HITPOINT WARNING * * *
You barely miss the orc wizard.
The orc wizard is moderately wounded.
The orc hits you but does no damage. The orc wizard closely misses you.
You closely miss the orc wizard. You claw the orc wizard!
The orc wizard is almost dead.
The orc wizard points at you and mumbles some strange words.
You resist with some effort. The orc closely misses you.
The orc wizard gestures at you while chanting.
The magic dart hits you!
* * * LOW HITPOINT WARNING * * *
You closely miss the orc wizard.
The orc wizard is almost dead.
The orc wizard gestures at you while chanting.
The magic dart hits you!
* * * LOW HITPOINT WARNING * * *
The orc hits you with a club.
You die...

........##.# ###
###########.#
........##.# #..
#..........# #.#
#.#################
#.# #.#..........
##.####.#.#########
#..............#
#######[#......#
#.########
#o@ooo....
##########


You could see an orc priest, an orc wizard and 2 orcs.

Vanquished Creatures
  Jessica (D:2)
  Robin (D:3)
  6 adders
  A worm (D:3)
  3 dart slugs (D:1)
  2 leopard geckos (D:1)
  An orc (D:3)
  A ball python (D:3)
  4 bats
  5 giant cockroaches
  7 hobgoblins
  3 jackals (D:3)
  A quokka (D:2)
  2 frilled lizards
  17 goblins
  10 kobolds
  9 rats
74 creatures vanquished.

Notes
Turn   | Place    | Note
-------+----------+-------------------------------------------
     0 | D:1      | Megalobster the Troll Monk began the quest for the Orb.
     0 | D:1      | Reached XP level 1. HP: 22/22 MP: 0/0
   132 | D:1      | Reached XP level 2. HP: 29/29 MP: 1/1
   455 | D:1      | Reached XP level 3. HP: 36/36 MP: 2/2
   714 | D:2      | Reached XP level 4. HP: 44/44 MP: 3/3
   730 | D:2      | Noticed Jessica
   737 | D:2      | Killed Jessica
   737 | D:2      | Reached skill level 4 in Unarmed Combat
  1212 | D:3      | Found a sparkling altar of Nemelex Xobeh.
  1276 | D:3      | Noticed Robin
  1309 | D:3      | Reached XP level 5. HP: 53/53 MP: 4/4
  1320 | D:3      | Killed Robin
  1543 | D:3      | Found a shadowy altar of Dithmenos.
  1546 | D:3      | Found an ornate altar of the Wu Jian Council.
  1549 | D:3      | Found a hide-covered altar of Uskayaw.
  1871 | D:3      | HP: 1/53 [orc wizard/magic dart (4)]
  1871 | D:3      | Slain by an orc

Vault maps used:
D:1:      saegor_arrival_miasma
D:2:      uniq_jessica
D:3:      nicolae_overflow_crystal_walls, grunt_temple_overflow_diamond,
          uniq_robin

Skill      XL: |  1  2  3  4 |
---------------+-------------+-----
Unarmed Combat | 4 |  4.4
Fighting       | 3 |  3.1
Dodging        | 3 |  3.1
Stealth        | |  1.6

Action                   |  1- 3 |  4- 6 || total
-------------------------+-------+-------++-------
Melee: Unarmed           |    72 |   115 ||   187
       Punch             |       |     4 ||     4
  Use: Potion            |       |     3 ||     3
 Stab: Sleeping          |     4 |     2 ||     6
  Eat: Chunk             |    12 |    11 ||    23
Armor: Robe              |    23 |    37 ||    60
Dodge: Dodged            |    35 |    54 ||    89

Table legend:
 A = Spawn XP
 B = Non-spawn XP
 C = Spawn XP percentage of total XP
 D = Spawn monster count
 E = Non-spawn monster count
 F = Spawn count percentage of total count
 G = Total turns spent on level
                    A         B        C        D         E        F      G
               +---------+---------+-------+---------+---------+-------+---------
         Total |       0 |     256 |   0.0 |       0 |      74 |   0.0 |  1871
               +---------+---------+-------+---------+---------+-------+---------
           D:1 |       0 |      56 |   0.0 |       0 |      27 |   0.0 |   672
           D:2 |       0 |     119 |   0.0 |       0 |      16 |   0.0 |   444
           D:3 |       0 |      81 |   0.0 |       0 |      31 |   0.0 |   755
               +---------+---------+-------+---------+---------+-------+---------
